 Dungeon Crawl Stone Soup version 0.28-a0-987-g8383568036 (webtiles) character file.

Game seed: 1514288893772210936

14 Decritt the Skirmisher (level 2, 0/19 HPs)
             Began as a Gargoyle Fighter on Dec 4, 2021.
             Slain by a gnoll (7 damage)
             ... on level 1 of the Dungeon.
             The game lasted 00:01:32 (821 turns).

Decritt the Skirmisher (Gargoyle Fighter)            Turns: 821, Time: 00:01:32

Health: 0/19       AC:  9    Str: 19    XL:     2   Next: 45%
Magic:  2/2        EV:  7    Int:  8    God:
Gold:   32         SH:  8    Dex:  9    Spells: 1/1 levels left

rFire   . . .      SeeInvis .   a - +0 flail
rCold   . . .      Faith    .   i - +0 kite shield
rNeg    + . .      Spirit   .   b - +0 scale mail
rPois   ∞          Reflect  .   (no helmet)
rElec   +          Harm     .   (no cloak)
rCorr   .          Rampage  .   (no gloves)
Will    .....                   (no boots)
Stlth   ..........              (no amulet)
HPRegen 0.06/turn               k - +4 ring of slaying
MPRegen 0.08/turn               (no ring)

@: no status effects
A: sickness immunity, AC +2, negative energy resistance 1, electricity
resistance, torment resistance 1, petrification resistance
a: no special abilities


You were on level 1 of the Dungeon.
You visited 1 branch of the dungeon, and saw 1 of its levels.

You collected 32 gold pieces.

Inventory:

Hand Weapons
 a - a +0 flail (weapon)
Armour
 b - a +0 scale mail (worn)
 i - a +0 kite shield (worn)
Jewellery
 k - a +4 ring of slaying (left hand)
Scrolls
 e - 2 scrolls of identify {unknown}
 g - a scroll of fog {unknown}
 h - a scroll of teleportation {unknown}
 j - a scroll of enchant armour {unknown}
Potions
 c - a potion of invisibility {unknown}
 d - a potion of might
 f - a potion of brilliance {unknown}


   Skills:
 * Level 3.6 Fighting
 * Level 2.3 Maces & Flails
 + Level 3.4 Armour
 + Level 3.4 Shields


You had one spell level left.
You didn't know any spells.
Your spell library was empty.

Dungeon Overview and Level Annotations

Branches:
Dungeon (1/15)

Altars:

Shops:
D:1 [


Innate Abilities, Weirdness & Mutations

You are immune to sickness and miasma.
Your stone body is resilient. (AC +2)
You are immune to poison.
You resist negative energy. (rN+)
You are resistant to electric shocks. (rElec)
You are resistant to unholy torment.
You are immune to petrification.


Message History

You see here a +1 dagger of protection.
You see here a +1 dagger of protection.
There is an open door here.
You open the door.
There is an open door here.
You see here a quokka corpse.
There is an open door here.
You open the door.
There is an open door here.
A kobold comes into view. It is wielding a +0 whip.
The kobold hits you with a +0 whip.
You closely miss the kobold. You block the kobold's attack.
You barely miss the kobold. You block the kobold's attack. x2
You closely miss the kobold. You block the kobold's attack.
You hit the kobold.
You kill the kobold!
No target in view!
No target in view!
k - a +4 ring of slaying
k - a +4 ring of slaying (left hand)
Things that are here:
a +0 whip; a kobold corpse You open the door.
A quokka comes into view.
The quokka moves out of view.
A gnoll comes into view. It is wielding a +0 flail.
The gnoll shouts!
You hit the quokka.
You kill the quokka!
There is an open door here.
You see here a quokka corpse.
You closely miss the gnoll. The gnoll hits you but does no damage.
You closely miss the gnoll. The gnoll hits you with a +0 flail.
The gnoll hits you with a +0 flail!
* * * LOW HITPOINT WARNING * * *
You closely miss the gnoll. You block the gnoll's attack.
You hit the gnoll.
The gnoll is heavily wounded.
The gnoll hits you but does no damage. The gnoll hits you with a +0 flail!
You die...

#.# #.# #.#
#.##### #+##
#.#...##
#...#
#..###.##
#..... ##)##
##.###......
#######.##
##.#.......
........#
#.@g......
#######.#
#.#....... #
##.#
#.###......
# #.# #.#
#..... #
....# #...#
# ### #+## #
# #


You could see a gnoll.

Vanquished Creatures
  2 endoplasms (D:1)
  A goblin (D:1)
  A hobgoblin (D:1)
  3 quokkas (D:1)
  A ball python (D:1)
  A bat (D:1)
  3 frilled lizards (D:1)
  A kobold (D:1)
  A rat (D:1)
14 creatures vanquished.

Notes
Turn   | Place    | Note
-------+----------+-------------------------------------------
     0 | D:1      | Decritt the Gargoyle Fighter began the quest for the Orb.
     0 | D:1      | Reached XP level 1. HP: 14/14 MP: 1/1
   247 | D:1      | Found Oghufuc's Armour Shoppe.
   270 | D:1      | Found a faded altar of an unknown god.
   365 | D:1      | Reached XP level 2. HP: 19/19 MP: 2/2
   821 | D:1      | Slain by a gnoll

Illustrated notes

Levels and vault maps discovered:
D:1:      minmay_arrival_stair_chambers, layout_loops_corners, serial_shops,
          shop, ebering_ecumenical_altar_petrified

Action                   || total
-------------------------++-------
Melee: Flail             ||    38
Armor: Scale mail        ||    16
Dodge: Dodged            ||     9
Block: Buckler           ||     1
       Kite shield       ||    13

Table legend: (Time is in decaauts)
 A = Elapsed time spent in this place.
 B = Non-inter-level travel time spent in this place.
 C = Inter-level travel time spent in this place.
 D = Time resting spent in this place.
 E = Time spent auto-exploring this place.
 F = Levels seen in this place.
 G = Mean time per level.
                   A        B        C        D        E       F      G
               +--------+--------+--------+--------+--------+-----+--------+
         Total |    838 |    838 |      0 |      0 |    715 |   1 |  838.0 |
       Dungeon |    838 |    838 |      0 |      0 |    715 |   1 |  838.0 |
               +--------+--------+--------+--------+--------+-----+--------+

Top non-repeatable levels by time:
     D:1: 838 daAuts
